 Dungeon Crawl Stone Soup version 0.29.1-2-gbd0b4ee654 (webtiles) character file.

Game seed: 6477005036427554290

2356 MewIchigo the Ruffian (level 9, -6/73 HPs)
             Began as a Black Draconian Transmuter on Oct 23, 2022.
             Was a Follower of Qazlal.
             Mangled by a hornet (16 damage)
             ... on level 8 of the Dungeon.
             The game lasted 00:20:43 (10705 turns).

MewIchigo the Ruffian (Black Draconian Transmuter) Turns: 10705, Time: 00:20:44

Health: -6/73      AC:  2    Str: 15    XL:     9   Next: 20%
Magic:  12/16      EV: 21    Int: 16    God:    Qazlal [*.....]
Gold:   345        SH:  1    Dex: 16    Spells: 5/18 levels left

rFire   + . .      SeeInvis .     - Unarmed
rCold   . . .      Faith    .   (shield currently unavailable)
rNeg    . . .      Spirit   .   (body armour unavailable)
rPois   x          Reflect  .   (helmet currently unavailable)
rElec   .          Harm     .   (cloak currently unavailable)
rCorr   .          Rampage  .   (gloves currently unavailable)
Will    .....                   (boots currently unavailable)
Stlth   ++........              D - amulet of regeneration
HPRegen 1.02/turn               g - ring of protection from fire
MPRegen 0.15/turn               (no ring)

@: spider-form, wereblooded, slowed, very slow
A: venomous fangs, (breathe lightning), AC +7, tiny, unfitting armour,
(electricity resistance), (cold-blooded)
a: End Transformation, Renounce Religion


You were on level 8 of the Dungeon.
You worshipped Qazlal.
Qazlal was aware of your devotion.
You were a venomous arachnid creature.
You visited 2 branches of the dungeon, and saw 9 of its levels.

You collected 369 gold pieces.
You spent 24 gold pieces at shops.

Inventory:

Missiles
 b - 8 boomerangs
 e - 3 javelins
 j - 18 poisoned darts
Armour
 a - a +0 pair of gloves (melded)
 k - a scarf of resistance (melded)
 s - a +0 pair of boots (melded)
Jewellery
 g - a ring of protection from fire (left front leg)
 A - a ring of ice
 D - an amulet of regeneration (around neck)
Wands
 t - a wand of flame (7)
 w - a wand of acid (7)
Scrolls
 d - a scroll of fear
 f - a scroll of butterflies
 h - 4 scrolls of torment
 i - 2 scrolls of blinking
 l - a scroll of vulnerability {unknown}
 m - 2 scrolls of teleportation {unknown}
 n - a scroll of amnesia {unknown}
 o - 2 scrolls of enchant weapon {unknown}
 p - 2 scrolls of brand weapon {unknown}
 v - a scroll of immolation {unknown}
 y - 3 scrolls of identify
 B - a scroll of enchant armour {unknown}
 F - a scroll of noise {unknown}
Potions
 c - a potion of mutation {unknown}
 u - 2 potions of haste
 x - 2 potions of attraction
 C - 2 potions of curing
 E - a potion of cancellation {unknown}


   Skills:
 * Level 4.9 Fighting
 + Level 4.1 Dodging
 + Level 2.0 Stealth
 + Level 6.9 Unarmed Combat
 + Level 5.2 Spellcasting
 + Level 5.7 Transmutations
 + Level 2.6 Poison Magic
 + Level 1.3 Evocations


You had 5 spell levels left.
You knew the following spells:

 Your Spells              Type           Power      Damage    Failure   Level
a - Beastly Appendage     Tmut           44%        N/A       6%          1
b - Wereblood             Tmut           22%        N/A       9%          2
c - Spider Form           Tmut/Pois      17%        N/A       21%         3
d - Ice Form              Ice/Tmut       13%        N/A       63%         4
e - Mephitic Cloud        Conj/Pois/Air  7%         N/A       52%         3

Your spell library contained the following spells:

 Spells                   Type           Power      Damage    Failure   Level
 Ignite Poison            Fire/Tmut/Pois 13%        N/A       32%         3
 Apportation              Tloc           8%         N/A       34%         1
 Necrotise                Necr           16%        1d4       34%         1
 Summon Small Mammal      Summ           16%        N/A       34%         1
 Ensorcelled Hibernation  Hex/Ice        8%         N/A       43%         2
 Vampiric Draining        Necr           4%         2d6       63%         3
 Alistair's Intoxication  Tmut/Pois      11%        N/A       78%         5
 Anguish                  Hex/Necr       2%         N/A       94%         4
 Summon Lightning Spire   Summ/Air       4%         N/A       94%         4
 Agony                    Necr           4%         N/A       99%         5
 Freezing Cloud           Conj/Ice/Air   2%         6-21      99%         5
 Summon Hydra             Summ           2%         N/A       100%        7


Dungeon Overview and Level Annotations

Branches:
Dungeon (8/15)             Temple (1/1) D:4
   Lair: D:8-11

Altars:
Ashenzari
Cheibriados
Dithmenos
Elyvilon
Fedhas
Gozag
Hepliaklqana
Kikubaaqudgha
Makhleb
Nemelex Xobeh
Okawaru
Qazlal
Ru
Sif Muna
Trog
Uskayaw
Vehumet
Wu Jian
Xom
Yredelemnul
Zin
The Shining One

Shops:
D:3 *   D:5 ?


Innate Abilities, Weirdness & Mutations

You are a venomous arachnid creature.
You have poisonous fangs.
You are tiny and dextrous.
Your spellcasting is less reliable in this form.
Your armour is entirely melded.
You are incapable of wielding weapons or throwing items.
((You can breathe wild blasts of lightning.))
((Your glossy black scales are hard. (AC +7)))
You cannot fit into any form of body armour.
((You are resistant to electric shocks. (rElec)))
((You are cold-blooded and may be slowed by cold attacks.))


Message History

The hornet stings you.
You are poisoned.
You feel yourself slow down.
You hit the hornet but do no damage.
The hornet is poisoned.
You feel extremely sick. The hornet completely misses you. x2
You closely miss the hornet.
The hornet is lightly wounded.
You feel very sick. The hornet stings you.
You are more poisoned.
You suddenly lose the ability to move!
The hornet stings you.
You are more poisoned.
You feel as though you will be slow longer.
You feel extremely sick. The hornet stings you.
You feel as though you will be slow longer.
You feel extremely sick. The hornet stings you!
* * * LOW HITPOINT WARNING * * *
You are more poisoned.
You feel as though you will be slow longer.
The hornet stings you!
* * * LOW HITPOINT WARNING * * *
You are more poisoned.
You feel as though you will be slow longer.
You can move again.
You feel much better.
* * * LOW HITPOINT WARNING * * *
You feel extremely sick. The hornet stings you!
* * * LOW HITPOINT WARNING * * *
You feel as though you will be slow longer.
The hornet barely misses you.
You feel better. The hornet closely misses you. The hornet barely misses you.
The hornet closely misses you.
You closely miss the hornet.
The hornet is severely wounded.
The hornet stings you!
You die...

#..#......##....
...........#....#
.................#
...................
.... #...<.........
#..##.............
.#...............##
...................
###.......s........
#........y........
#....#........$$...
....##..........?..
...# ##............
..# #............
.. ....(........#
...............#
......#####.....


You could see a hornet (poisoned).

Vanquished Creatures
  2 water moccasins
  A sky beast (D:7)
  2 black bears
  2 orc warriors (D:6)
  3 ogres
  2 centaurs (D:7)
  A kobold brigand (D:7)
  A phantom (D:5)
  A bullfrog (D:5)
  2 scorpions
  4 wights
  2 howler monkeys (D:7)
  A hound (D:4)
  A jelly (D:5)
  5 orc priests
  A gnoll bouda (D:6)
  5 orc wizards
  4 iguanas
  6 gnolls
  2 adders
  A white imp (D:7)
  An ufetubus (D:5)
  3 dart slugs
  21 orcs
  8 endoplasms
  4 giant cockroaches
  9 goblins
  4 hobgoblins
  12 jackals
  12 kobolds
  2 quokkas
  7 ball pythons
  7 bats
  5 frilled lizards
  4 rats
  A butterfly (D:4)
149 creatures vanquished.

Vanquished Creatures (others)
  2 plants (D:1)
2 creatures vanquished.

Grand Total: 151 creatures vanquished

Notes
Turn   | Place    | Note
-------+----------+-------------------------------------------
     0 | D:1      | MewIchigo the Draconian Transmuter began the quest for the
                  | Orb.
     0 | D:1      | Reached XP level 1. HP: 16/16 MP: 3/3
   306 | D:1      | Reached XP level 2. HP: 23/23 MP: 3/5
   888 | D:1      | Found a faded altar of an unknown god.
  1140 | D:2      | Reached XP level 3. HP: 28/28 MP: 4/6
  1526 | D:2      | Got the Papyrus of Adjuration and the Assassin
  1869 | D:2      | Learned a level 2 spell: Wereblood
  1873 | D:2      | Learned a level 3 spell: Spider Form
  2230 | D:3      | Reached XP level 4. HP: 33/35 MP: 5/7
  2261 | D:3      | Found Ziyno's Assorted Antiques.
  2930 | D:3      | Reached skill level 4 in Unarmed Combat
  3340 | D:4      | Reached XP level 5. HP: 23/40 MP: 6/9
  3787 | D:4      | Noticed a black bear
  3880 | D:4      | Found a staircase to the Ecumenical Temple.
  3893 | Temple   | Entered the Ecumenical Temple
  4238 | Temple   | Became a worshipper of Qazlal Stormbringer
  4599 | D:4      | Killed a black bear
  4600 | D:4      | Reached XP level 6. HP: 24/47 MP: 6/10
  4789 | D:4      | Found a glowing golden altar of the Shining One.
  5164 | D:5      | Entered Level 5 of the Dungeon
  5648 | D:5      | Reached skill level 1 in Stealth
  5736 | D:5      | Reached skill level 5 in Unarmed Combat
  5736 | D:5      | Your scales start taking on a glossy black colour.
  5736 | D:5      | Reached XP level 7. HP: 34/53 MP: 9/12
  5736 | D:5      | Gained mutation: You are resistant to electric shocks.
                  | (rElec) [Black Draconian growth]
  5876 | D:5      | Found Joontuck's Magic Scroll Shop.
  5884 | D:5      | Bought a scroll of identify for 24 gold pieces
  5956 | D:5      | Found a shimmering blue altar of Sif Muna.
  5956 | D:5      | Found a blossoming altar of Fedhas.
  6545 | D:6      | Reached skill level 1 in Poison Magic
  7225 | D:6      | HP: 2/56 [orc warrior/+0 vorpal war axe (1)]
  7537 | D:6      | Reached XP level 8. HP: 18/63 MP: 12/14
  7763 | D:5      | Learned a level 4 spell: Ice Form
  7767 | D:5      | Learned a level 3 spell: Mephitic Cloud
  7786 | D:6      | Reached skill level 1 in Evocations
  8254 | D:7      | Reached skill level 6 in Unarmed Combat
  8431 | D:7      | Reached * piety under Qazlal
  8813 | D:6      | Reached skill level 5 in Transmutations
  9196 | D:7      | Reached skill level 5 in Spellcasting
  9834 | D:7      | Reached XP level 9. HP: 59/72 MP: 11/16
 10132 | D:7      | Identified the +8 war axe of Quhoepuo {vorpal, Str+5 Int+2}
 10155 | D:7      | Reached ** piety under Qazlal
 10700 | D:8      | Paralysed by a hornet for 3 turns
 10703 | D:8      | HP: 1/73 [hornet (16)]
 10705 | D:8      | Mangled by a hornet

Illustrated notes

Levels and vault maps discovered:
D:1:      lemuel_arrival_room, layout_loops_ring,
          shapermc_ecumenical_altar_mp_ritualfount
D:2:      layout_basic
D:3:      layout_basic, serial_shops, shop, hex_tiny, kennysheep_generic_room_13
D:4:      layout_basic, nicolae_tso_swordbearing_angel,
          minmay_temple_entry_butterflies
D:5:      layout_loops_ring, nicolae_overflow_two_pavilions, serial_shops, shop,
          reono_crystal_passage
D:6:      layout_cave_pools, grunt_ministairs_12
D:7:      nicolae_cairo_tiling_large, layout_rooms
D:8:      lemuel_bear_cage, layout_cave_pools, uniq_pikel
Temple:   compressed_dpeg_triangle_lava_temple

Skill      XL: |  1  2  3  4  5  6  7  8  9 |
---------------+----------------------------+-----
Dodging        | 2 3 4 |  4.1
Unarmed Combat | 4 5 6 |  6.9
Transmutations | 3 4 5 |  5.7
Spellcasting   | 3 4 5 |  5.2
Stealth        | 1 2 |  2.0
Fighting       | 3 4 |  4.9
Poison Magic   | 1 2 |  2.6
Evocations     | 1 |  1.3

Action                   |  1- 3 |  4- 6 |  7- 9 || total
-------------------------+-------+-------+-------++-------
Melee: Unarmed           |   106 |   146 |   205 ||   457
       Kick              |    21 |    28 |     1 ||    50
       Headbutt          |    10 |     9 |     1 ||    20
       Tailslap          |    11 |    13 |     3 ||    27
       Punch             |     1 |     2 |     1 ||     4
Throw: Javelin           |       |     1 |       ||     1
 Cast: Beastly Appendage |    27 |    26 |     6 ||    59
       Wereblood         |     1 |     6 |    20 ||    27
       Spider Form       |       |     4 |    29 ||    33
       Mephitic Cloud    |       |       |     1 ||     1
 Abil: Breathe Lightning |       |       |     2 ||     2
Evoke: Wand              |       |     1 |     8 ||     9
  Use: Potion            |       |     7 |     3 ||    10
       Scroll            |       |       |     7 ||     7
Armor: Skin              |    52 |    36 |    26 ||   114
Dodge: Dodged            |    82 |    94 |   178 ||   354
Block: Other             |       |       |     6 ||     6
